 Dungeon Crawl Stone Soup version 0.26-a0-478-g6c97825307 (webtiles) character file.

Game seed: 2749765004363286214

920 KristoblXynda the Ducker (level 7, -1/41 HPs)
             Began as a Vampire Gladiator on Aug 1, 2020.
             Was a Follower of Okawaru.
             Slain by Menkaure (11 damage)
             ... on level 6 of the Dungeon.
             The game lasted 00:07:49 (5398 turns).

KristoblXynda the Ducker (Vampire Gladiator)        Turns: 5398, Time: 00:07:50

Health: -1/41      AC:  6    Str: 14    XL:     7   Next: 83%
Magic:  7/7        EV: 15    Int: 12    God:    Okawaru [*.....]
Gold:   170        SH:  5    Dex: 21    Spells: 6/6 levels left

rFire    . . .     SeeInvis +   a - +0 long sword
rCold    + + .     Faith    .   (no shield)
rNeg     + + +     Spirit   .   x - +0 ring mail
rPois    ∞         Reflect  +   c - +0 helmet
rElec    .         Harm     .   (no cloak)
rCorr    .                      (no gloves)
MR       .....                  (no boots)
Stlth    +++++.....             h - amulet of reflection
HPRegen  0.00/turn              v - +6 ring of dexterity
MPRegen  0.10/turn              (no ring)

@: bloodless
A: fangs 3, see invisible, unbreathing
a: Bat Form, Revivify, Heroism, Renounce Religion


You were on level 6 of the Dungeon.
You worshipped Okawaru.
Okawaru was aware of your devotion.
You visited 1 branch of the dungeon, and saw 6 of its levels.

You collected 170 gold pieces.

Inventory:

Hand Weapons
 a - a +0 long sword (weapon)
Missiles
 d - 3 throwing nets (quivered)
Armour
 c - a +0 helmet (worn)
 w - a +0 buckler
 x - a +0 ring mail (worn)
Jewellery
 b - a cursed amulet of inaccuracy {unknown}
 h - an amulet of reflection (around neck)
 t - an uncursed ring of fire
 v - a +6 ring of dexterity (left hand)
Scrolls
 e - a scroll of enchant weapon {unknown}
 g - 2 scrolls of magic mapping {unknown}
 i - a scroll of random uselessness {unknown}
 j - a scroll of fear {unknown}
 k - 4 scrolls of teleportation
 l - 2 scrolls of amnesia {unknown}
 n - 2 scrolls of remove curse {unknown}
 o - a scroll of blinking {unknown}
 s - a scroll of noise {unknown}
Potions
 f - 3 potions of ambrosia
 m - a potion of magic
 p - 2 potions of brilliance
 q - 2 potions of heal wounds
 r - 2 potions of curing
 u - a potion of lignification


   Skills:
 - Level 3.2 Fighting
 + Level 5.4 Long Blades
 - Level 1.5 Throwing
 + Level 3.4 Armour
 + Level 5.9 Dodging
 + Level 4.7 Stealth


You had 6 spell levels left.
You didn't know any spells.
Your spell library was empty.

Dungeon Overview and Level Annotations

Branches:
Dungeon (6/15)
 Temple: D:4-7

Altars:
Fedhas
Kikubaaqudgha
Makhleb
Nemelex Xobeh
Okawaru
Qazlal
Sif Muna
Vehumet
Xom

Annotations:
D:6 Menkaure, Pikel


Innate Abilities, Weirdness & Mutations

You do not regenerate when monsters are visible.
You are frail without blood (-20% HP).
You can heal yourself when you bite living creatures.
You are immune to poison.
You have razor-sharp teeth.
You have supernaturally acute eyesight. (SInv)
You can survive without breathing.


Message History

The orc wizard is almost dead.
The orc wizard barely misses you.
You hit the orc wizard.
You kill the orc wizard!
Okawaru accepts your kill.
You hit Menkaure. You bite Menkaure.
Menkaure is moderately damaged.
Menkaure hits you!
* * * LOW HITPOINT WARNING * * *
You hit Menkaure.
Menkaure is moderately damaged.
You block Menkaure's attack.
You hit Menkaure.
Menkaure is heavily damaged.
Menkaure whispers a few words.
Menkaure closely misses you.
You hit Menkaure.
Menkaure is severely damaged.
Menkaure hits you!
You die...

### ##M##
#########.#@##########
#....$...###.#!......#
#.......## ##..# #.#
#........###.#.#####.#
#....Mo.#.#.......##.#
#.......##.###.##.##.#
#.......##.# #..÷....#
#........).# ####.####
##.###o#########...####


You could see Menkaure.

Vanquished Creatures
  An ice beast (D:6)
  An ogre (D:5)
  3 bullfrogs (D:6)
  A centaur zombie (D:6)
  2 jellies (D:5)
  A gnoll shaman (D:2)
  3 orc wizards
  3 worker ants
  A hound skeleton (D:4)
  4 gnolls (D:2)
  A howler monkey skeleton (D:2)
  7 adders
  2 shadow imps
  An ufetubus (D:5)
  3 oozes
  2 worms
  3 dart slugs
  2 leopard geckos
  8 orcs
  6 bats
  5 giant cockroaches
  12 goblins
  11 hobgoblins
  2 jackals (D:6)
  10 kobolds
  3 quokkas
  2 ball pythons (D:3)
  5 frilled lizards
  A quokka skeleton (D:4)
  7 rats
113 creatures vanquished.

Notes
Turn   | Place    | Note
-------+----------+-------------------------------------------
     0 | D:1      | KristoblXynda the Vampire Gladiator began the quest for the
                  | Orb.
     0 | D:1      | Reached XP level 1. HP: 16/16 MP: 1/1
     2 | D:1      | Noticed a felid
     4 | D:1      | Noticed a troll
     4 | D:1      | Noticed a merfolk
     6 | D:1      | Noticed a draconian
     6 | D:1      | Noticed a human
     8 | D:1      | Noticed a dwarf
    10 | D:1      | Noticed a vampire
    10 | D:1      | Noticed an octopode
    12 | D:1      | Noticed a formicid
    14 | D:1      | Noticed a halfling
    14 | D:1      | Noticed a gargoyle
    17 | D:1      | Noticed a demigod
    17 | D:1      | Noticed a demonspawn
    19 | D:1      | Noticed a minotaur
    19 | D:1      | Noticed a spriggan
    21 | D:1      | Noticed a naga
    21 | D:1      | Noticed an elf
    23 | D:1      | Noticed a ghoul
    23 | D:1      | Noticed a vine stalker
    25 | D:1      | Noticed an ogre
    27 | D:1      | Noticed a centaur
    27 | D:1      | Noticed a tengu
   172 | D:1      | Reached XP level 2. HP: 11/22 MP: 2/2
   463 | D:1      | Reached XP level 3. HP: 21/27 MP: 3/3
   601 | D:2      | Reached skill level 1 in Armour
  1091 | D:3      | Found a faded altar of an unknown god.
  1134 | D:3      | Reached XP level 4. HP: 34/34 MP: 4/4
  1281 | D:3      | Found a blossoming altar of Fedhas.
  1864 | D:3      | Reached XP level 5. HP: 15/40 MP: 5/5
  2458 | D:2      | Found a stormy altar of Qazlal.
  2459 | D:2      | Found a sparkling altar of Nemelex Xobeh.
  3186 | D:2      | Found an ancient bone altar of Kikubaaqudgha.
  3186 | D:2      | Found a radiant altar of Vehumet.
  3189 | D:2      | Found a shimmering blue altar of Sif Muna.
  3411 | D:4      | Reached XP level 6. HP: 36/47 MP: 6/6
  3452 | D:4      | Found an iron altar of Okawaru.
  3471 | D:4      | Became a worshipper of Warmaster Okawaru
  3692 | D:4      | Found a shimmering altar of Xom.
  3692 | D:4      | Found a burning altar of Makhleb.
  4164 | D:5      | Entered Level 5 of the Dungeon
  4299 | D:5      | Reached skill level 1 in Stealth
  4331 | D:5      | Reached skill level 5 in Dodging
  4688 | D:6      | Noticed Pikel
  4697 | D:6      | Reached XP level 7. HP: 45/52 MP: 7/7
  4929 | D:6      | Reached * piety under Okawaru
  4929 | D:6      | Reached skill level 5 in Long Blades
  5328 | D:6      | Noticed Menkaure
  5398 | D:6      | Slain by Menkaure

Illustrated notes

Levels and vault maps discovered:
D:1:      kb_arrival_jail, layout_rooms, supply_closet_lemuel
D:2:      layout_basic, nicolae_overflow_hidden_temple
D:3:      kennysheep_the_goblin_king, layout_basic,
          chequers_ecumenical_altar_simple, corexii_hall_statues_i,
          fedhas_altar_4
D:4:      layout_basic, grunt_temple_overflow_champion_of_chaos,
          okawaru_altar_gauntlet_db
D:5:      layout_basic, marbit_many_paths, uniq_sigmund
D:6:      layout_loops_cross, yredelemnul_forgotten_temple_becter,
          nicolae_overflow_crystal_walls, uniq_menkaure, uniq_pikel

Skill      XL: |  1  2  3  4  5  6  7 |
---------------+----------------------+-----
Fighting       | 2 3 |  3.2
Armour         | 1 2 3 |  3.4
Dodging        | 4 5 |  5.9
Long Blades    | 4 5 |  5.4
Stealth        | 2 4 |  4.7
Throwing       | |  1.5

Action                   |  1- 3 |  4- 6 |  7- 9 || total
-------------------------+-------+-------+-------++-------
Melee: Long sword        |    75 |   214 |    99 ||   388
       Bite              |    15 |    24 |    22 ||    61
       Unarmed           |       |     5 |       ||     5
Throw: Throwing net      |       |     1 |       ||     1
 Abil: Exsanguinate      |       |       |     1 ||     1
  Use: Scroll            |     1 |     6 |     1 ||     8
       Potion            |     1 |       |       ||     1
 Stab: Sleeping          |       |     4 |       ||     4
       Held in net/web   |       |     2 |       ||     2
Armor: Leather armour    |    18 |    42 |     5 ||    65
       Ring mail         |       |       |    17 ||    17
Dodge: Dodged            |    75 |   178 |    64 ||   317
Block: Other             |       |       |     1 ||     1
       Rpst.: Long sword |    28 |    52 |    19 ||    99

Table legend: (Time is in decaauts)
 A = Elapsed time spent in this place.
 B = Non-inter-level travel time spent in this place.
 C = Inter-level travel time spent in this place.
 D = Time resting spent in this place.
 E = Time spent auto-exploring this place.
 F = Levels seen in this place.
 G = Mean time per level.
                   A        B        C        D        E       F      G
               +--------+--------+--------+--------+--------+-----+--------+
         Total |   5473 |   5149 |    324 |   1381 |   2414 |   6 |  912.2 |
       Dungeon |   5473 |   5149 |    324 |   1381 |   2414 |   6 |  912.2 |
               +--------+--------+--------+--------+--------+-----+--------+

Top non-repeatable levels by time:
     D:3: 1555 daAuts
     D:2: 1311 daAuts
     D:4: 780 daAuts
     D:6: 733 daAuts
     D:1: 578 daAuts
     D:5: 515 daAuts
